 Dungeon Crawl Stone Soup version 0.32-a0-818-gb728d0252e (webtiles) character file.

Game seed: 13395840575303851049

43 tilp the Vexing (level 3, -1/20 HPs)
             Began as a Vampire Enchanter on Mar 24, 2024.
             Slain by a gnoll
             ... wielding a +0 club
              (8 damage)
             ... on level 1 of the Dungeon.
             The game lasted 00:02:26 (1304 turns).

tilp the Vexing (Vampire Enchanter)                 Turns: 1304, Time: 00:02:26

Health: -1/20      AC:  3    Str:  7    XL:     3   Next: 37%
Magic:  2/6        EV: 11    Int: 19    God:
Gold:   56         SH:  0    Dex: 14    Spells: 1/6 levels left

rFire   . . .        a - +1 dagger
rCold   + + .        (no shield)
rNeg    + + +        b - +0 robe
rPois   ∞            i - +0 helmet
rElec   .            (no cloak)
rCorr   .            (no gloves)
SInv    +            (no boots)
Will    .....        (no amulet)
Stlth   +++++        (no ring)
HPRegen 0.00/turn    (no ring)
MPRegen 0.10/turn

%: no passive effects
@: bloodless, inhibited regen
A: bloodless, fangs 3, see invisible, vampiric 2
a: Bat Form, Revivify


You were on level 1 of the Dungeon.
You visited 1 branch of the dungeon, and saw 2 of its levels.

You collected 56 gold pieces.

Inventory:

Hand Weapons
 a - a +1 dagger (weapon)
Missiles
 f - 3 poisoned darts (quivered)
Armour
 b - a +0 robe (worn)
 e - a +0 kite shield
 i - a +0 helmet (worn)
Magical Staves
 n - a staff of cold
Scrolls
 g - a scroll of enchant armour {unknown}
 j - a scroll of teleportation
 k - 2 scrolls of fear
Potions
 c - 2 potions of invisibility
 d - a potion of curing


   Skills:
 * Level 0.6 Fighting
 + Level 1.3(1.5) Short Blades
 * Level 0.7(1.1) Long Blades
 + Level 0.3 Armour
 + Level 2.3 Dodging
 + Level 4.7 Stealth
 + Level 0.3 Shields
 + Level 2.2 Spellcasting
 * Level 4.9 Hexes
 + Level 0.5 Evocations


You had one spell level left.
You knew the following spells:

 Your Spells              Type           Power      Damage    Failure   Level
a - Ensorcelled Hibernat  Hex/Ice        22%        N/A       9%          2
b - Confusing Touch       Hex            20%        N/A       7%          3

Your spell library contained the following spells:

 Spells                   Type           Power      Damage    Failure   Level
 Tukima's Dance           Hex            20%        N/A       7%          3
 Dazzling Flash           Conj/Hex       22%        N/A       19%         3


Dungeon Overview and Level Annotations

Branches:
Dungeon (2/15)

Altars:


Innate Abilities, Weirdness & Mutations

You do not regenerate when monsters are visible.
You are frail without blood (-20% HP).
You can heal yourself when you bite living creatures.
You are immune to poison.
You have razor-sharp teeth.
You have supernaturally acute eyesight. (SInv)
You are afflicted with vampirism and can become a bat while bloodless.


Message History

The gnoll looks drowsy...
Unknown command.
The helpless gnoll fails to defend itself.
You bite the gnoll, and draw its blood!
You feel better.
You puncture the gnoll!
You kill the gnoll!
The gnoll attacks as it pursues you! The gnoll completely misses you.
Casting: Ensorcelled Hibernation (safe; 9% risk of failure)
Confirm with . or Enter, or press ? or * to list all spells.
Aiming: Ensorcelled Hibernation (safe; 9% risk of failure)
Press: ? - help, Shift-Dir - straight line, f - gnoll
Aim: a gnoll, wielding a +0 club (chance to affect: 53%)
The gnoll resists with significant effort.
The gnoll hits you with a +0 club.
Unknown command.
Casting: Ensorcelled Hibernation (safe; 9% risk of failure)
Confirm with . or Enter, or press ? or * to list all spells.
Aiming: Ensorcelled Hibernation (safe; 9% risk of failure)
Press: ? - help, Shift-Dir - straight line, f/p - gnoll
Aim: a gnoll, wielding a +0 club (chance to affect: 53%)
The gnoll resists with significant effort.
The gnoll hits you from afar with a +0 spear.
The gnoll closely misses you.
Unknown command.
A goblin comes into view. It is wielding a +0 club.
An adder comes into view.
The gnoll attacks as it pursues you! The gnoll misses you.
There is a stone staircase leading up here.
The gnoll hits you with a +0 club.
* * * LOW HITPOINT WARNING * * *
You climb upwards.
There is a stone staircase leading down here.
Casting: Ensorcelled Hibernation (safe; 9% risk of failure)
Confirm with . or Enter, or press ? or * to list all spells.
Aiming: Ensorcelled Hibernation (safe; 9% risk of failure)
Press: ? - help, Shift-Dir - straight line, f - gnoll
Aim: a gnoll, wielding a +0 club (chance to affect: 53%)
The gnoll resists with significant effort.
The gnoll hits you with a +0 club!
You die...

..............#.#.....#.#
#############.#.#...#.#.#
#...........#.#.#...#.#.#
#.##.#......#.#.#.....#.#########
#.####.###..).#.#...#.#.#........
#...........^.#.#...........#####
.....#.######.#.#.....#.#.#.# #
.....#................#.#.#.# #
................@g....#.#.#.# #
.....########.#......[#.#.#.# #
####.# ####.........#.#.#.# # #.#
#.......#....#.#.#.# # ####.#
#.......#....#.#.#.# # #....#
#.......#....#.#.#.# #
#....#####............#.#.#.###
#................#...##.#.#...#
........................#.###.#


You could see a gnoll.

Vanquished Creatures
  2 gnolls
  2 ball pythons (D:2)
  2 bats (D:1)
  2 endoplasms
  A giant cockroach (D:2)
  3 goblins
  3 hobgoblins
  2 kobolds (D:1)
  2 frilled lizards (D:1)
  4 rats
23 creatures vanquished.

Notes
Turn   | Place    | Note
-------+----------+-------------------------------------------
     0 | D:1      | tilp the Vampire Enchanter began the quest for the Orb.
     0 | D:1      | Reached XP level 1. HP: 13/13 MP: 3/3
   468 | D:1      | Reached XP level 2. HP: 16/16 MP: 5/5
   491 | D:1      | Learned a level 2 spell: Ensorcelled Hibernation
  1069 | D:2      | Gained mutation: You are afflicted with vampirism and can
                  | become a bat while bloodless. [Vampire growth]
  1069 | D:2      | Reached XP level 3. HP: 20/20 MP: 6/6
  1082 | D:2      | Learned a level 3 spell: Confusing Touch
  1304 | D:1      | Slain by a gnoll

Illustrated notes

Levels and vault maps discovered:
D:1:      dpeg_arrival_boxorama, layout_basic, minmay_pentomino_x4
D:2:      layout_loops_ring, basic_altar,
          chequers_ecumenical_altar_simple_redux, minmay_goblin_kobold_house

Action                     || total
---------------------------++-------
  Melee: Dagger            ||    55
         Bite              ||     6
   Cast: Ensorcelled Hiber ||     6
Ability: Exsanguinate      ||     1
    Use: Scroll            ||     6
   Stab: Sleeping          ||     8
         Distracted        ||     1
 Armour: Robe              ||    21
  Dodge: Dodged            ||    29

Table legend: (Time is in decaauts)
 A = Elapsed time spent in this place.
 B = Non-inter-level travel time spent in this place.
 C = Inter-level travel time spent in this place.
 D = Time resting spent in this place.
 E = Time spent auto-exploring this place.
 F = Levels seen in this place.
 G = Mean time per level.
                   A        B        C        D        E       F      G
               +--------+--------+--------+--------+--------+-----+--------+
         Total |   1301 |   1240 |     61 |    149 |    785 |   2 |  650.5 |
       Dungeon |   1301 |   1240 |     61 |    149 |    785 |   2 |  650.5 |
               +--------+--------+--------+--------+--------+-----+--------+

Top non-repeatable levels by time:
     D:1: 1017 daAuts
     D:2: 283 daAuts
